 Dungeon Crawl Stone Soup version 0.29.1-1-gd02db6906a (webtiles) character file.

Game seed: 8664834235043945674

1222 FastidiousMonk the Insei (level 8, -16/61 HPs)
             Began as a Gnoll Transmuter on Sept 30, 2022.
             Was an Initiate of Makhleb.
             Demolished by a hornet (17 damage)
             ... on level 6 of the Dungeon.
             The game lasted 02:09:35 (13913 turns).

FastidiousMonk the Insei (Gnoll Transmuter)        Turns: 13913, Time: 02:09:36

Health: -16/61     AC:  2    Str: 16    XL:     8   Next: 47%
Magic:  17/17      EV: 14    Int: 15    God:    Makhleb [......]
Gold:   450        SH:  0    Dex: 12    Spells: 18/19 levels left

rFire   + . .      SeeInvis .   a - +9 dagger of Prescription {flame, *Corrode Fly rPois Will++}
rCold   . . .      Faith    .   (no shield)
rNeg    . . .      Spirit   .   k - +0 robe {rF+}
rPois   +          Reflect  .   (no helmet)
rElec   .          Harm     .   (no cloak)
rCorr   .          Rampage  .   (no gloves)
Will    ++...                   (no boots)
Stlth   ++........              (no amulet)
HPRegen 0.20/turn               i - +6 ring of strength
MPRegen 0.15/turn               (no ring)

@: flying, studying Dodging
A: fangs 1, strong nose, distributed training
a: Renounce Religion


You were on level 6 of the Dungeon.
You worshipped Makhleb.
Makhleb was noncommittal.
You visited 1 branch of the dungeon, and saw 6 of its levels.

You collected 450 gold pieces.

Inventory:

Hand Weapons
 a - the +9 dagger of Prescription (weapon) {flame, *Corrode Fly rPois Will++}
   (You found it on level 2 of the Dungeon)

   It burns those it strikes, dealing additional fire damage.
   rPois:     It protects you from poison.
   Fly:       It grants you flight.
   *Corrode:  It may corrode you when you take damage.
   Will:      It greatly increases your willpower.
 g - a +1 flail
 p - a +3 trident
 B - a +2 dagger of electrocution
Missiles
 c - 55 stones
 m - 6 poisoned darts
 o - 4 datura-tipped darts
 t - 7 boomerangs
 A - 3 curare-tipped darts
Armour
 k - a +0 robe of fire resistance (worn)
 D - a +0 ring mail of willpower
 E - the +10 chain mail of Fimmej {Rampage Regen+ Dex-2}
   (You found it on level 6 of the Dungeon)

   Dex:       It affects your dexterity (-2).
   Regen:     It increases your rate of health regeneration.
   Rampage:   It bestows one free step when moving towards enemies.
 F - +0 steam dragon scales
Magical Staves
 s - a staff of poison
Jewellery
 i - a +6 ring of strength (left hand)
Wands
 b - a wand of paralysis (3) (quivered)
Scrolls
 h - 2 scrolls of fog
 l - 7 scrolls of identify
 n - a scroll of enchant weapon
 C - a scroll of teleportation
Potions
 e - a potion of brilliance {unknown}
 f - 2 potions of curing
 q - a potion of berserk rage {unknown}
 r - 3 potions of mutation
 u - 2 potions of might
 w - 2 potions of haste {unknown}
 x - a potion of heal wounds {unknown}
 y - 3 potions of lignification
 z - 3 potions of ambrosia {unknown}


   Skills:
 + Level 4.3 Fighting
 + Level 3.4 Short Blades
 + Level 3.4 Long Blades
 + Level 3.4 Axes
 + Level 3.4 Maces & Flails
 + Level 3.4 Polearms
 + Level 3.4 Staves
 + Level 3.4 Ranged Weapons
 + Level 3.4 Throwing
 + Level 3.4 Armour
 + Level 5.8 Dodging
 + Level 3.4 Stealth
 + Level 3.4 Shields
 + Level 7.4 Unarmed Combat
 + Level 6.1 Spellcasting
 + Level 2.8 Conjurations
 + Level 2.8 Hexes
 + Level 2.8 Summonings
 + Level 2.8 Necromancy
 + Level 2.8 Translocations
 + Level 4.8 Transmutations
 + Level 2.8 Fire Magic
 + Level 2.8 Ice Magic
 + Level 2.8 Air Magic
 + Level 2.8 Earth Magic
 + Level 2.8 Poison Magic
 + Level 3.8 Invocations
 + Level 3.4 Evocations


You had 18 spell levels left.
You knew the following spells:

 Your Spells              Type           Power      Damage    Failure   Level
a - Beastly Appendage     Tmut           38%        N/A       1%          1

Your spell library contained the following spells:

 Spells                   Type           Power      Damage    Failure   Level
 Wereblood                Tmut           19%        N/A       3%          2
 Spider Form              Tmut/Pois      16%        N/A       9%          3
 Inner Flame              Hex/Fire       13%        N/A       14%         3
 Ozocubu's Armour         Ice            13%        N/A       14%         3
 Ice Form                 Ice/Tmut       16%        N/A       30%         4
 Cause Fear               Hex            6%         N/A       41%         4
 Metabolic Englaciation   Hex/Ice        6%         N/A       77%         5
 Simulacrum               Ice/Necr       6%         N/A       100%        6
 Discord                  Hex            6%         N/A       100%        8


Dungeon Overview and Level Annotations

Branches:
Dungeon (6/15)             Temple (0/1) D:5

Altars:
Cheibriados
Gozag
Makhleb
Nemelex Xobeh
Okawaru
Zin

Shops:
D:1 *[[   D:3 (*[*!   D:4 [   D:6 !

Annotations:
D:1 Shops Here - Unknown God Altar
D:3 Shops,Altars-Zin,Makhleb,Cheibriados,Okawaru,1RunedDoorCougarLifeghost, CougarLife's ghost, amateur MiFi
D:4 Shops,Altars-NemelexXobeh
D:5 EcumenicalTemple,Altars-Gozag
D:6 RunedDoor,Shops, Crazy Yiuf


Innate Abilities, Weirdness & Mutations

You have very sharp teeth.
Your uncanny sense of smell can sniff out nearby items.
Your experience applies equally to all skills.


Message History

You feel better. The hornet barely misses you. The hornet closely misses you.
You closely miss the hornet. You headbutt the hornet.
The hornet is lightly wounded.
The hornet barely misses you.
You hit the hornet but do no damage.
The hornet is lightly wounded.
The hornet barely misses you.
Aiming: Paralyse
Press: ? - help, Q - select action, (/) - cycle Shift-Dir - straight line, f - hornet
Aim: a hornet (lightly wounded, chance to affect: 50%)
The hornet resists with some effort.
The hornet stings you! x2; You feel yourself slow down.
Casting: Beastly Appendage (safe; 1% risk of failure)
Confirm with . or Enter, or press ? or * to list all spells.
Okay, then.
You miss the hornet. You claw the hornet.
The hornet is moderately wounded.
You feel yourself speed up. The hornet stings you!
The hornet closely misses you.
Blink to where?
Press: ? - help, Dir - move target, p - hornet
Okay, then.
Blink to where?
Press: ? - help, Dir - move target, p - hornet
As you read the scroll of blinking, it crumbles to dust.
Your horns disappear.
Your talons disappear.
You are no longer corroded.
The hornet attacks as you move away! The hornet stings you!
The hornet closely misses you. The hornet attacks as you move away!
The hornet stings you.
* * * LOW HITPOINT WARNING * * *
You feel yourself slow down. The hornet misses you.
You feel yourself speed up. The hornet stings you!
* * * LOW HITPOINT WARNING * * *
You feel yourself slow down.
There is an escape hatch in the ceiling here.
You feel yourself speed up. The hornet stings you!
You die...

#..>...............#.......
#######..).............#.#.......
#......................#.........
#......................##........
#...................#####........
#......................###.......
#...................#............
#...................##...........
†..........#####@#####.#.........
######.....# #y#.............#.
#.....# #.#)......^.....#.
#.....# #...............##
#.....# ####.............##
#.....# #..................
#.....# #..................
#.....# #..................
######.....# #.............#....


You could see a hornet.

Vanquished Creatures
  2 steam dragons (D:6)
  2 ice beasts
  A phantom (D:4)
  A necrophage (D:6)
  2 scorpions
  4 hounds
  3 jellies
  2 orc priests
  An iguana (D:4)
  An orc wizard (D:5)
  10 adders
  3 ufetubi
  3 dart slugs
  10 orcs
  9 endoplasms
  3 giant cockroaches (D:1)
  6 hobgoblins
  3 kobolds
  2 quokkas
  9 ball pythons
  3 bats
  A frilled lizard (D:1)
  10 goblins
  8 rats
99 creatures vanquished.

Vanquished Creatures (others)
  8 fungi (D:5)
8 creatures vanquished.

Grand Total: 107 creatures vanquished

Notes
Turn   | Place    | Note
-------+----------+-------------------------------------------
     0 | D:1      | FastidiousMonk the Gnoll Transmuter began the quest for the
                  | Orb.
     0 | D:1      | Reached XP level 1. HP: 17/17 MP: 6/6
    32 | D:1      | Found Meso's General Store.
   262 | D:1      | Found Heliwyi's Armour Shop.
   273 | D:1      | Reached XP level 2. HP: 19/23 MP: 5/7
   620 | D:1      | Found Diharaut's Armour Shoppe.
  1515 | D:1      | Found Deklog's General Store.
  1547 | D:1      | Found a faded altar of an unknown god.
  1594 | D:1      | Reached skill level 5 in Spellcasting
  1594 | D:1      | Reached XP level 3. HP: 28/28 MP: 6/9
  2641 | D:2      | Reached skill level 1 in Invocations
  2771 | D:2      | Reached skill level 1 in Short Blades
  2771 | D:2      | Reached skill level 1 in Long Blades
  2771 | D:2      | Reached skill level 1 in Axes
  2771 | D:2      | Reached skill level 1 in Maces & Flails
  2771 | D:2      | Reached skill level 1 in Polearms
  2771 | D:2      | Reached skill level 1 in Staves
  2771 | D:2      | Reached skill level 1 in Ranged Weapons
  2771 | D:2      | Reached skill level 1 in Throwing
  2771 | D:2      | Reached skill level 1 in Armour
  2771 | D:2      | Reached skill level 1 in Stealth
  2771 | D:2      | Reached skill level 1 in Shields
  2771 | D:2      | Reached skill level 1 in Evocations
  2996 | D:2      | Identified the +9 dagger of Prescription {flame, *Corrode
                  | Fly rPois Will++}
  3689 | D:2      | Reached XP level 4. HP: 29/34 MP: 9/11
  5291 | D:3      | Found Keusehou's Distillery.
  5291 | D:3      | Found Ephiffam's Assorted Antiques.
  5383 | D:3      | Reached skill level 1 in Conjurations
  5383 | D:3      | Reached skill level 1 in Hexes
  5383 | D:3      | Reached skill level 1 in Summonings
  5383 | D:3      | Reached skill level 1 in Necromancy
  5383 | D:3      | Reached skill level 1 in Translocations
  5383 | D:3      | Reached skill level 1 in Fire Magic
  5383 | D:3      | Reached skill level 1 in Ice Magic
  5383 | D:3      | Reached skill level 1 in Air Magic
  5383 | D:3      | Reached skill level 1 in Earth Magic
  5383 | D:3      | Reached skill level 1 in Poison Magic
  5586 | D:3      | Found Zemuel's Assorted Antiques.
  5703 | D:3      | Found Latt's Antique Armour Shop.
  6062 | D:3      | Found a burning altar of Makhleb.
  6064 | D:3      | Found a snail-covered altar of Cheibriados.
  6065 | D:3      | Found a glowing silver altar of Zin.
  6541 | D:3      | Found Ruogezoh's Weapon Shoppe.
  6580 | D:3      | Found an iron altar of Okawaru.
  6641 | D:3      | Found a runed translucent door.
  6644 | D:3      | Noticed CougarLife's ghost (amateur MiFi)
  6709 | D:3      | Became a worshipper of Makhleb the Destroyer
  7080 | D:4      | Reached XP level 5. HP: 38/40 MP: 10/12
  7328 | D:4      | Noticed a phantom
  7392 | D:4      | Found Torroun's Armour Boutique.
  7507 | D:4      | Found a sparkling altar of Nemelex Xobeh.
  8313 | D:4      | Killed a phantom
  8314 | D:4      | Reached skill level 5 in Dodging
  8314 | D:4      | Reached XP level 6. HP: 47/47 MP: 12/14
  8744 | D:5      | Entered Level 5 of the Dungeon
  8744 | D:5      | Found an opulent altar of Gozag.
  8855 | D:5      | Found a staircase to the Ecumenical Temple.
 10869 | D:5      | Reached skill level 7 in Unarmed Combat
 10869 | D:5      | Reached XP level 7. HP: 45/52 MP: 15/15
 11956 | D:6      | Found a runed translucent door.
 11957 | D:6      | Noticed Crazy Yiuf
 12655 | D:6      | Identified the +10 chain mail of Fimmej {Rampage Regen+
                  | Dex-2}
 12929 | D:6      | Noticed a hornet
 12947 | D:6      | Found Kalaul's Distillery.
 12988 | D:6      | Noticed a steam dragon
 13013 | D:6      | Killed a steam dragon
 13014 | D:6      | Reached XP level 8. HP: 53/60 MP: 16/16
 13332 | D:6      | Noticed a troll
 13912 | D:6      | HP: 1/61 [hornet (16)]
 13913 | D:6      | Demolished by a hornet

Illustrated notes

Levels and vault maps discovered:
D:1:      minmay_arrival_semitransparent, layout_loops_corners, serial_shops,
          shop, nicolae_shop_advertising_works [nicolae_subvault_shop_adworks],
          shop, nicolae_shop_statue_plus, shapermc_ecumenical_altar_notcrosses
D:2:      layout_loops_ring, st_stairs_14
D:3:      layout_loops_cross, kennysheep_okawaru_gauntlet,
          grunt_temple_overflow_open, serial_shops, shop, shop,
          nicolae_shop_overgrown_old_shop, nicolae_diamond_shop, shop,
          ebering_ghost_reflecting_pool
D:4:      layout_loops_cross, mainiacjoe_overflow_alcove_1, serial_shops,
          nicolae_stop_n_shop_1, minivault_26
D:5:      layout_basic, grunt_gozag_statues, minmay_temple_entry_proselytizer,
          dreamdust_mushroom_princess, minmay_misc_feat_four_crosses,
          amcnicky_mini_rare_corridor_liquid
D:6:      layout_basic, serial_shops, shop_coins, minmay_manual_moon,
          uniq_crazy_yiuf_cottage

Skill      XL: |  1  2  3  4  5  6  7  8 |
---------------+-------------------------+-----
Spellcasting   | 5 6 |  6.1
Invocations    | 1 2 3 |  3.8
Short Blades   | 1 2 3 |  3.4
Long Blades    | 1 2 3 |  3.4
Axes           | 1 2 3 |  3.4
Maces & Flails | 1 2 3 |  3.4
Polearms       | 1 2 3 |  3.4
Staves         | 1 2 3 |  3.4
Ranged Weapons | 1 2 3 |  3.4
Throwing       | 1 2 3 |  3.4
Armour         | 1 2 3 |  3.4
Stealth        | 1 2 3 |  3.4
Shields        | 1 2 3 |  3.4
Evocations     | 1 2 3 |  3.4
Conjurations   | 1 2 |  2.8
Hexes          | 1 2 |  2.8
Summonings     | 1 2 |  2.8
Necromancy     | 1 2 |  2.8
Translocations | 1 2 |  2.8
Fire Magic     | 1 2 |  2.8
Ice Magic      | 1 2 |  2.8
Air Magic      | 1 2 |  2.8
Earth Magic    | 1 2 |  2.8
Poison Magic   | 1 2 |  2.8
Fighting       | 3 4 |  4.3
Transmutations | 4 |  4.8
Dodging        | 5 |  5.8
Unarmed Combat | 7 |  7.4

Action                   |  1- 3 |  4- 6 |  7- 9 || total
-------------------------+-------+-------+-------++-------
Melee: Unarmed           |    81 |    25 |       ||   106
       Kick              |    15 |    11 |    22 ||    48
       Headbutt          |     6 |     6 |    11 ||    23
       Bite              |     4 |     4 |     6 ||    14
       Dagger            |       |    60 |    52 ||   112
       Punch             |       |     3 |     2 ||     5
 Cast: Beastly Appendage |    24 |    25 |    15 ||    64
Evoke: Wand              |       |       |     1 ||     1
  Use: Scroll            |       |     8 |     4 ||    12
       Potion            |       |       |     1 ||     1
 Stab: Sleeping          |     1 |     1 |     2 ||     4
Armor: Robe              |     9 |     7 |     4 ||    20
Dodge: Dodged            |    41 |    52 |    28 ||   121
